 Dungeon Crawl Stone Soup version 0.26-a0-651-gb41185065b (webtiles) character file.

Game seed: 13361914328253652368

808 Ozzies the Skirmisher (level 7, -2/77 (78) HPs)
             Began as a Troll Monk on Oct 3, 2020.
             Slain by a river rat (8 damage)
             ... summoned by Eustachio
             ... on level 5 of the Dungeon.
             The game lasted 00:04:17 (3006 turns).

Ozzies the Skirmisher (Troll Monk)                  Turns: 3006, Time: 00:04:17

HP:   -2/77 (78)    AC:  6    Str: 22    XL:     7   Next: 60%
MP:   6/6           EV: 10    Int:  6    God:
Gold: 190           SH:  0    Dex: 12    Spells: 6/6 levels left

rFire    . . .     SeeInvis .     - Unarmed
rCold    . . .     Faith    .   (no shield)
rNeg     . . .     Spirit   .   a - +0 robe
rPois    .         Reflect  .   (helmet restricted)
rElec    .         Harm     .   (no cloak)
rCorr    .         Rampage  .   (gloves unavailable)
MR       .....                  (boots unavailable)
Stlth    ++........             n - amulet of magic regeneration
HPRegen  0.62/turn              (no ring)
MPRegen  0.35/turn              (no ring)

@: no status effects
A: large, unfitting armour, claws 3, regeneration 1, shaggy fur 1, tough skin 3
a: no special abilities


You were on level 5 of the Dungeon.
You visited 1 branch of the dungeon, and saw 5 of its levels.

You collected 190 gold pieces.

Inventory:

Missiles
 k - 35 poisoned darts (quivered)
Armour
 a - a +0 robe (worn)
Jewellery
 n - an amulet of magic regeneration (around neck)
 q - a +6 ring of strength {unknown}
Scrolls
 b - a scroll of fear {unknown}
 c - a scroll of enchant weapon {unknown}
 e - 8 scrolls of identify {unknown}
 h - 2 scrolls of remove curse {unknown}
 i - a scroll of enchant armour {unknown}
 m - a scroll of teleportation {unknown}
 r - a scroll of noise {unknown}
 s - a scroll of fog {unknown}
Potions
 d - 2 potions of cancellation {unknown}
 f - 4 potions of lignification {unknown}
 g - 3 potions of curing {unknown}
 j - 3 potions of degeneration {unknown}
 l - a potion of stabbing {unknown}
 o - a potion of heal wounds {unknown}
 p - 2 potions of might {unknown}


   Skills:
 + Level 7.1 Fighting
 + Level 1.2 Throwing
 + Level 2.8 Dodging
 - Level 1.0 Stealth
 + Level 3.5 Unarmed Combat


You had 6 spell levels left.
You didn't know any spells.
Your spell library was empty.

Dungeon Overview and Level Annotations

Branches:
Dungeon (5/15)
 Temple: D:4-7

Altars:
Fedhas
Yredelemnul

Annotations:
D:5 Eustachio


Innate Abilities, Weirdness & Mutations

You are too large for most types of armour.
You have claws for hands.
Your natural rate of healing is unusually fast.
You are covered in fur. (AC +1)
You have extremely tough skin. (AC +3)


Message History

Eustachio gestures wildly while chanting.
Eustachio blinks!
The river rat bites you.
* * * LOW HITPOINT WARNING * * *
The iron imp disappears in a puff of smoke!
The river rat bites you.
* * * LOW HITPOINT WARNING * * *
The river rat bites you.
* * * LOW HITPOINT WARNING * * *
The river rat closely misses you. The river rat bites you!
* * * LOW HITPOINT WARNING * * *
Found 10 gold pieces.
The crimson imp hits you but does no damage.
The river rat twitches its whiskers. x2
The river rat bites you but does no damage.
The river rat closely misses you. Eustachio misses you.
The crimson imp misses you.
You scratch Eustachio.
Eustachio is almost dead.
The river rat bites you!
You die...

####+## #..$..#
#.....# #.....#
############ #.....#
#..........# #.....#
#.#.......># #..@@.#
#.#........#
#..5rr###.#........##
#...rr...............
+>....5..............
#...<.###............
####+## #............
#..............
..........###...
..........###...


You could see Eustachio, an iron imp (summoned), a crimson imp (summoned) and 4
river rats.

Vanquished Creatures
  A necrophage (D:5)
  Blork the orc (D:5)
  3 scorpions (D:4)
  A water moccasin skeleton (D:4)
  5 orc wizards
  2 centaur skeletons
  An iguana (D:4)
  2 worker ants (D:4)
  7 adders
  An ufetubus (D:5)
  An ooze (D:2)
  2 worms
  3 dart slugs (D:3)
  7 leopard geckos
  11 orcs
  7 bats
  7 giant cockroaches
  13 goblins
  6 hobgoblins
  7 jackals
  2 quokkas
  5 frilled lizards
  5 kobolds
  12 rats
112 creatures vanquished.

Notes
Turn   | Place    | Note
-------+----------+-------------------------------------------
     0 | D:1      | Ozzies the Troll Monk began the quest for the Orb.
     0 | D:1      | Reached XP level 1. HP: 22/22 MP: 0/0
   131 | D:1      | Reached XP level 2. HP: 29/29 MP: 1/1
   147 | D:1      | Reached skill level 3 in Fighting
   400 | D:1      | Reached XP level 3. HP: 36/37 MP: 2/2
   810 | D:2      | Reached skill level 4 in Fighting
   810 | D:2      | Reached XP level 4. HP: 48/48 MP: 3/3
   946 | D:2      | Reached XP level 5. HP: 35/55 MP: 4/4
  1232 | D:3      | Reached skill level 5 in Fighting
  1314 | D:3      | Found a blossoming altar of Fedhas.
  1787 | D:3      | Found a basalt altar of Yredelemnul.
  1896 | D:4      | Reached XP level 6. HP: 40/67 MP: 5/5
  1996 | D:4      | Reached skill level 6 in Fighting
  2365 | D:4      | Reached XP level 7. HP: 63/76 MP: 6/6
  2450 | D:4      | Reached skill level 7 in Fighting
  2774 | D:5      | Entered Level 5 of the Dungeon
  2849 | D:5      | Noticed Blork the orc
  2864 | D:5      | Killed Blork the orc
  2925 | D:5      | Reached skill level 1 in Throwing
  2967 | D:5      | Noticed Eustachio
  3006 | D:5      | Slain by a river rat

Illustrated notes

Levels and vault maps discovered:
D:1:      minmay_arrival_widening_spiral_narrow, layout_rooms
D:2:      layout_rooms
D:3:      layout_loops_ring, lemuel_round_altar, minmay_misc_feat_square,
          fedhas_altar_fruit_tree
D:4:      layout_gridville
D:5:      layout_basic, uniq_ijyb, uniq_eustachio, uniq_blork_the_orc

Skill      XL: |  1  2  3  4  5  6  7 |
---------------+----------------------+-----
Fighting       | 3 4 5 6 7 |  7.1
Throwing       | 1 |  1.2
Dodging        | |  2.8
Stealth        | |  1.0
Unarmed Combat | |  3.5

Action                   |  1- 3 |  4- 6 |  7- 9 || total
-------------------------+-------+-------+-------++-------
Melee: Unarmed           |   116 |   171 |    69 ||   356
       Punch             |     1 |     4 |     1 ||     6
 Stab: Sleeping          |     2 |       |       ||     2
Armor: Robe              |    57 |    69 |    53 ||   179
Dodge: Dodged            |    74 |    78 |    79 ||   231

Table legend: (Time is in decaauts)
 A = Elapsed time spent in this place.
 B = Non-inter-level travel time spent in this place.
 C = Inter-level travel time spent in this place.
 D = Time resting spent in this place.
 E = Time spent auto-exploring this place.
 F = Levels seen in this place.
 G = Mean time per level.
                   A        B        C        D        E       F      G
               +--------+--------+--------+--------+--------+-----+--------+
         Total |   3001 |   2744 |    257 |      7 |   2108 |   5 |  600.2 |
       Dungeon |   3001 |   2744 |    257 |      7 |   2108 |   5 |  600.2 |
               +--------+--------+--------+--------+--------+-----+--------+

Top non-repeatable levels by time:
     D:4: 820 daAuts
     D:3: 776 daAuts
     D:1: 653 daAuts
     D:2: 522 daAuts
     D:5: 228 daAuts
